 Dungeon Crawl Stone Soup version 0.24.0-5-g267a8d59f4 (webtiles) character file.

Game seed: 16298068208251353075, levelgen mode: deterministic

23 Aelig the Conjurer (level 3, 0/19 HPs)
             Began as a Kobold Conjurer on Nov 1, 2019.
             Slain by a gnoll
             ... wielding a +0 whip
              (11 damage)
             ... on level 1 of the Dungeon.
             The game lasted 00:02:53 (1483 turns).

Aelig the Conjurer (Kobold Conjurer)                Turns: 1483, Time: 00:02:53

Health: 0/19       AC:  2    Str:  5    XL:     3   Next: 10%
Magic:  2/6        EV: 15    Int: 17    God:
Gold:   48         SH:  0    Dex: 15    Spells: 0/6 levels left

rFire    . . .     SeeInvis .   f - +0 club
rCold    . . .     Gourm    .   (shield restricted)
rNeg     . . .     Faith    .   a - +0 robe
rPois    .         Spirit   .   (no helmet)
rElec    .         Reflect  .   (no cloak)
rCorr    .         Harm     .   (no gloves)
MR       .....                  (no boots)
Stlth    ++........             (no amulet)
HPRegen  0.06/turn              (no ring)
MPRegen  0.10/turn              (no ring)

@: no status effects
A: small, carnivore
a: no special abilities


You were on level 1 of the Dungeon.
You were completely stuffed.

You visited 1 branch of the dungeon, and saw 1 of its levels.

You collected 48 gold pieces.

Inventory:

Hand Weapons
 f - a +0 club (weapon)
Armour
 a - a +0 robe (worn)
Scrolls
 b - 3 scrolls of teleportation {unknown}
 d - a scroll of enchant armour {unknown}
Potions
 e - 2 potions of curing {unknown}
Comestibles
 c - 4 rations
 g - a chunk of flesh


   Skills:
 - Level 2.4 Dodging
 - Level 2.6 Stealth
 - Level 2.1 Spellcasting
 + Level 4.8 Conjurations


You couldn't memorise any spells.
You knew the following spells:

 Your Spells              Type           Power        Failure   Level  Hunger
a - Magic Dart            Conj           ###.         2%          1    #......
b - Searing Ray           Conj           ###...       3%          2    ###....
c - Dazzling Spray        Conj/Hex       ##....       22%         3    ###....

Your spell library contained the following spells:

 Spells                   Type           Power        Failure   Level  Hunger
 Iskenderun's Mystic Bla  Conj           ###.....     26%         4    #####..
 Force Lance              Conj/Tloc      ##......     56%         4    #####..
 Fulminant Prism          Conj/Hex       ##........   56%         4    #####..


Dungeon Overview and Level Annotations

Branches:
Dungeon (1/15)

Altars:


Innate Abilities, Weirdness & Mutations

You are small and have problems with some larger weapons.
You are carnivorous and can eat meat at any time.


Message History

Confirm with . or Enter, or press ? or * to list all spells.
Aiming: Magic Dart (safe; 2% risk of failure)
Press: ? - help, Shift-Dir - straight line, f/p - gnoll
Aim: a gnoll, wielding a +0 whip (severely wounded)
The magic dart hits the gnoll but does no damage.
The gnoll is severely wounded.
The gnoll hits you with a +0 whip!
You hit the gnoll.
The gnoll is almost dead.
The gnoll closely misses you.
Casting: Magic Dart (safe; 2% risk of failure)
Confirm with . or Enter, or press ? or * to list all spells.
Aiming: Magic Dart (safe; 2% risk of failure)
Press: ? - help, Shift-Dir - straight line, f/p - gnoll
Aim: a gnoll, wielding a +0 whip (almost dead)
The magic dart hits the gnoll.
The gnoll is almost dead.
The gnoll hits you with a +0 whip!
Ouch! That really hurt!
You die...

.....# #.# #..÷...♣ ♣....#
.#.#.### #.#♣#♣#♣.♣.♣ ♣.##.#
.......# #..........♣ ♣.##.#
.#.#.#.###..♣.♣#♣.♣## ♣♣....#
.#.#........##.##...##♣♣♣♣♣..####
##.###.#.#...#.####.#...#.#..#
..<......#.###...##.##..#.#..####
##.###.#.#.# ###.##.....#.#.....#
.#.#.......# #@######...#.###.#
.#.#.#.###.# #g# #.........#.#
.......# .# #.####.#...#.###.#
.#.#.### .# .....#.#.#.#.#...#
.....# ##...#.#.....#.### .###.##
#.###...#.##.##.#.# ......#
.......#.......#.# #####.##
#+######...####....#.# #..#
......##........##.#.# ♣


You could see a gnoll.

Vanquished Creatures
  2 dart slugs (D:1)
  A ball python (D:1)
  2 bats (D:1)
  4 hobgoblins (D:1)
  3 jackals (D:1)
  A frilled lizard (D:1)
  A kobold (D:1)
  3 rats (D:1)
17 creatures vanquished.

Notes
Turn   | Place    | Note
-------+----------+-------------------------------------------
     0 | D:1      | Aelig the Kobold Conjurer began the quest for the Orb.
     0 | D:1      | Reached XP level 1. HP: 10/10 MP: 3/3
   287 | D:1      | Reached XP level 2. HP: 11/15 MP: 0/5
  1312 | D:1      | Reached XP level 3. HP: 19/19 MP: 3/6
  1327 | D:1      | Learned a level 2 spell: Searing Ray
  1331 | D:1      | Learned a level 3 spell: Dazzling Spray
  1483 | D:1      | Slain by a gnoll

Levels and vault maps discovered:
D:1:      roderic_chinese_lattice_arrival, layout_basic, serial_forest,
          infiniplex_forest_clump_cross, infiniplex_forest_clump_small,
          infiniplex_forest_lined_room_2, infiniplex_forest_end_2,
          infiniplex_forest_lined_2, infiniplex_forest_end_2,
          infiniplex_forest_diagonal, infiniplex_forest_straight_1,
          infiniplex_forest_pool, roderic_serpentine_path

Action                   || total
-------------------------++-------
Melee: Unarmed           ||    18
       Club              ||     6
 Cast: Magic Dart        ||    46
 Stab: Sleeping          ||     1
  Eat: Chunk             ||    11
Armor: Robe              ||     7
Dodge: Dodged            ||    55
